 Dungeon Crawl Stone Soup version 0.25-a0-737-g26c3a87 (webtiles) character file.

Game seed: 12555762067759774155, levelgen mode: deterministic

9417 Hazorath the Grappler (level 11, -1/83 HPs)
             Began as a Demonspawn Fighter on Apr 12, 2020.
             Was an Initiate of Makhleb.
             Slain by a jumping spider (16 damage)
             ... on level 3 of the Lair of Beasts.
             The game lasted 00:38:51 (13976 turns).

Hazorath the Grappler (Demonspawn Fighter)         Turns: 13976, Time: 00:38:52

Health: -1/83      AC:  7    Str: 18    XL:     11   Next: 22%
Magic:  15/15      EV: 15    Int: 12    God:    Makhleb [......]
Gold:   463        SH:  0    Dex: 12    Spells: 10/10 levels left

rFire    . . .     SeeInvis .     - Unarmed
rCold    . . .     Gourm    .   (no shield)
rNeg     . . .     Faith    .   g - +0 leather armour
rPois    +         Spirit   .   (helmet restricted)
rElec    .         Reflect  .   A - scarf {repulsion}
rCorr    .         Harm     .   (gloves unavailable)
MR       .....                  v - +1 pair of boots {Fly}
Stlth    +.........             o - amulet of magic regeneration
HPRegen  0.23/turn              a - +2 ring of protection
MPRegen  0.39/turn              z - ring of poison resistance

@: flying, repel missiles
A: antennae 2, claws 3, hooves 1, powered by pain 1
a: Renounce Religion, Stop Flying


You were on level 3 of the Lair of Beasts.
You worshipped Makhleb.
Makhleb was noncommittal.
You were near starving.

You visited 3 branches of the dungeon, and saw 13 of its levels.
You also visited: Sewer.

You collected 658 gold pieces.
You spent 195 gold pieces at shops.

Inventory:

Hand Weapons
 k - the +0 short sword "Mimofaf" {elec, +Inv rElec}
   (You found it on level 7 of the Dungeon)

   Occasionally, upon striking a foe, it will discharge some electrical energy
   and cause terrible harm.
   It insulates you from electricity.
   It lets you turn invisible.
 r - a +5 scythe of flaming
Armour
 c - a +0 kite shield
 e - a +0 buckler
 g - a +0 leather armour (worn)
 j - the +0 leather armour "Igigama" {+Inv rF+ rC+ MR++}
   (You found it on level 5 of the Dungeon)

   It protects you from fire.
   It protects you from cold.
   It affects your resistance to hostile enchantments.
   It lets you turn invisible.
 v - a +1 pair of boots of flying (worn)
 y - +0 steam dragon scales
 A - a scarf of repulsion (worn)
 C - a +2 robe of fire resistance
 I - the +1 ring mail "Darat" {+Fly rC+ MP-9}
   (You found it on level 1 of the Lair of Beasts)

   It protects you from cold.
   It affects your magic capacity (-9).
   It lets you fly.
Magical Staves
 p - an uncursed staff of wizardry
Jewellery
 a - a +2 ring of protection (left claw)
 d - a +1 ring of protection
 o - an amulet of magic regeneration (around neck)
 z - a ring of poison resistance (right claw)
 K - a +3 ring of dexterity
Wands
 t - a wand of paralysis (11)
 B - a wand of polymorph (9)
 D - a wand of digging (2)
 F - a wand of clouds (4)
 H - a wand of acid (10)
Scrolls
 l - 5 scrolls of magic mapping
 m - 4 scrolls of remove curse
 n - 3 scrolls of teleportation
 q - a scroll of enchant armour
 w - 2 scrolls of enchant weapon
 x - a scroll of identify
 G - 2 scrolls of blinking
 J - a scroll of fear
 L - a scroll of silence
Potions
 b - a potion of stabbing
 h - 7 potions of curing
 i - 7 potions of flight
 s - a potion of mutation
 u - a potion of invisibility
 E - a potion of berserk rage
Comestibles
 f - 12 rations


   Skills:
 - Level 6.6 Fighting
 - Level 2.7 Short Blades
 - Level 2.6 Armour
 + Level 7.2 Dodging
 * Level 4.1 Shields
 - Level 11.1 Unarmed Combat
 - Level 6.5 Evocations


You had 10 spell levels left.
You didn't know any spells.
Your spell library was empty.

Dungeon Overview and Level Annotations

Branches:
Dungeon (9/15)             Temple (1/1) D:6            Lair (3/6) D:8
  Sewer (visited)
  Swamp: Lair:2-4    Shoals: Lair:2-4     Snake: Lair:2-4    Spider: Lair:2-4
    Orc: D:9-12

Altars:
Ashenzari
Cheibriados
Dithmenos
Elyvilon
Fedhas
Gozag
Hepliaklqana
Kikubaaqudgha
Makhleb
Nemelex Xobeh
Okawaru
Qazlal
Ru
Sif Muna
Trog
Uskayaw
Vehumet
Wu Jian
Xom
Yredelemnul
Zin
The Shining One

Shops:
D:5 *


Innate Abilities, Weirdness & Mutations

You have a pair of antennae on your head.
You have claws for hands.
You have large cloven feet.
You sometimes gain a little power by taking damage.


Message History

The jumping spider pounces on you but does no damage.
The jumping spider closely misses you.
You miss the jumping spider.
The jumping spider is severely wounded.
The jumping spider pounces on you!
* * * LOW HITPOINT WARNING * * *
The jumping spider bites you but does no damage.
You miss the jumping spider. Your claw misses the jumping spider.
The jumping spider is severely wounded.
The jumping spider misses you. The jumping spider bites you.
* * * LOW HITPOINT WARNING * * *
You scratch the jumping spider.
The jumping spider is almost dead.
The jumping spider misses you. The jumping spider bites you.
* * * LOW HITPOINT WARNING * * *
You barely miss the jumping spider.
The jumping spider is almost dead.
The jumping spider completely misses you.
The jumping spider misses you. The jumping spider pounces on you!
You die...

#≈.≈≈.≈≈.≈..
.≈≈≈.≈≈≈... ...
........... ....
..........
#P.##...##.....!.
...#...P##.....#
##......#..†s.#
........#..@..#
#........#....#
##............#.
....<..........#
.......<##........
.#................
........P.....#..##
.##.###..#....#P.#
# .#..........


You could see a jumping spider.

Vanquished Creatures
  3 death yaks (D:8)
  Pikel (D:7)
  2 spiny frogs
  Maggie (D:6)
  A komodo dragon (Lair:2)
  3 blink frogs (Lair:2)
  3 hippogriffs (Lair:1)
  Sigmund (D:5)
  A redback (Lair:3)
  6 water moccasins
  3 porcupines
  An ice beast (D:8)
  An orc warrior (D:7)
  A black bear (Lair:2)
  4 wolves
  5 ogres
  4 centaurs
  2 crocodiles
  Blork the orc (D:6)
  7 bullfrogs
  2 scorpions
  3 killer bees (D:8)
  3 electric eels
  5 crimson imps
  A lava snake (Lair:2)
  A hound (D:7)
  2 centaur zombies
  5 orc priests
  2 bullfrog skeletons
  2 centaur skeletons (D:6)
  2 merfolk sirens (Sewer)
  8 orc wizards
  A hell rat (D:8)
  A merfolk avatar (Sewer)
  7 worker ants
  A killer bee zombie (D:7)
  6 gnolls (D:2)
  16 adders
  3 river rats
  An adder skeleton (D:7)
  12 leopard geckos
  15 orcs
  6 ball pythons
  8 giant cockroaches
  5 goblins
  9 hobgoblins
  19 jackals
  6 quokkas
  11 bats
  9 frilled lizards
  A jackal skeleton (D:4)
  4 kobolds
  2 quokka skeletons
  29 rats
259 creatures vanquished.

Vanquished Creatures (others)
  A jelly (D:7)
  A fungus (Lair:2)
2 creatures vanquished.

Grand Total: 261 creatures vanquished

Notes
Turn   | Place    | Note
-------+----------+-------------------------------------------
     0 | D:1      | Hazorath the Demonspawn Fighter began the quest for the
                  | Orb.
     0 | D:1      | Reached XP level 1. HP: 18/18 MP: 1/1
   435 | D:1      | Gained mutation: You have a pair of small antennae on your
                  | head. [demonic ancestry]
   435 | D:1      | Reached XP level 2. HP: 24/24 MP: 2/2
   769 | D:2      | Gained mutation: You have sharp fingernails. [demonic
                  | ancestry]
   769 | D:2      | Reached XP level 3. HP: 21/29 MP: 3/3
  1092 | D:2      | Reached skill level 1 in Unarmed Combat
  1092 | D:2      | Gained mutation: You have a pair of antennae on your head.
                  | [demonic ancestry]
  1092 | D:2      | Reached XP level 4. HP: 35/36 MP: 4/4
  1620 | D:2      | Found a faded altar of an unknown god.
  1682 | D:2      | Reached skill level 2 in Unarmed Combat
  2061 | D:3      | Gained mutation: You have very sharp fingernails. [demonic
                  | ancestry]
  2061 | D:3      | Reached XP level 5. HP: 17/42 MP: 5/5
  3035 | D:4      | Reached skill level 3 in Unarmed Combat
  3275 | D:4      | Noticed an ogre
  3280 | D:4      | Killed an ogre
  3280 | D:4      | Reached XP level 6. HP: 37/49 MP: 6/6
  3556 | D:4      | Reached skill level 4 in Unarmed Combat
  3908 | D:4      | Reached skill level 5 in Fighting
  4016 | D:5      | Entered Level 5 of the Dungeon
  4218 | D:4      | Gained mutation: You sometimes gain a little power by
                  | taking damage. [demonic ancestry]
  4218 | D:4      | Reached XP level 7. HP: 56/56 MP: 7/7
  4314 | D:5      | Reached skill level 5 in Unarmed Combat
  4400 | D:5      | Got a fine leather armour
  4411 | D:5      | Identified the cursed +0 leather armour "Igigama" {+Inv rF+
                  | rC+ MR++} (You found it on level 5 of the Dungeon)
  4418 | D:5      | Noticed Sigmund
  4429 | D:5      | Killed Sigmund
  4429 | D:5      | Reached skill level 1 in Dodging
  4585 | D:5      | Found Deutig's Assorted Antiques.
  4593 | D:5      | Bought a pair of runed boots for 195 gold pieces
  4723 | D:5      | Reached skill level 6 in Unarmed Combat
  4723 | D:5      | Reached skill level 1 in Evocations
  4723 | D:5      | Gained mutation: You have large cloven feet. [demonic
                  | ancestry]
  4723 | D:5      | Reached XP level 8. HP: 57/63 MP: 8/8
  4943 | D:5      | Found a stormy altar of Qazlal.
  5619 | D:6      | Noticed Maggie
  5647 | D:6      | Killed Maggie
  5647 | D:6      | Reached skill level 7 in Unarmed Combat
  5768 | D:6      | Found a glowing drain.
  5782 | Sewer    | Entered a sewer
  6602 | D:6      | Gained mutation: You have claws for hands. [demonic
                  | ancestry]
  6602 | D:6      | Reached XP level 9. HP: 54/68 MP: 11/11
  6728 | D:6      | Found a staircase to the Ecumenical Temple.
  6732 | Temple   | Entered the Ecumenical Temple
  7111 | D:6      | Noticed Blork the orc
  7131 | D:6      | Killed Blork the orc
  7225 | D:6      | Reached skill level 8 in Unarmed Combat
  7229 | D:6      | Found the +3 Elemental Staff {rElec rF++ rC++ MR++ AC+5}
  7642 | D:7      | Noticed Pikel
  7660 | D:7      | Killed Pikel
  7997 | D:7      | Got an ancient short sword
  7998 | D:7      | Identified the cursed +0 short sword "Mimofaf" {elec, +Inv
                  | rElec} (You found it on level 7 of the Dungeon)
  8299 | D:7      | Reached skill level 5 in Evocations
  8422 | D:7      | Reached skill level 9 in Unarmed Combat
  8837 | D:8      | Noticed a death yak
  8848 | D:7      | Reached skill level 5 in Dodging
  9131 | D:8      | Noticed a death yak
  9131 | D:8      | Noticed a death yak
  9163 | D:8      | Killed a death yak
  9163 | D:8      | Reached XP level 10. HP: 26/75 MP: 14/14
  9701 | D:8      | Killed a death yak
  9725 | D:8      | Killed a death yak
  9725 | D:8      | Reached skill level 10 in Unarmed Combat
  9956 | D:8      | Found a staircase to the Lair.
 10321 | Lair:1   | Entered Level 1 of the Lair of Beasts
 10473 | Temple   | Became a worshipper of Makhleb the Destroyer
 10707 | Lair:1   | Got a faintly glowing ring mail
 10718 | Lair:1   | Identified the +1 ring mail "Darat" {+Fly rC+ MP-9} (You
                  | found it on level 1 of the Lair of Beasts)
 10744 | Lair:1   | Noticed a spiny frog
 10763 | Lair:1   | Killed a spiny frog
 11731 | Lair:2   | Reached skill level 11 in Unarmed Combat
 11736 | Lair:2   | Reached XP level 11. HP: 52/83 MP: 15/15
 13976 | Lair:3   | Slain by a jumping spider

Levels and vault maps discovered:
D:1:      dpeg_arrival_erosion, layout_basic, serial_bayou_pond_e,
          kennysheep_small_spiral
D:2:      minmay_skewed_foursquare, layout_basic,
          chequers_ecumenical_altar_simple
D:3:      layout_basic, first_ration
D:4:      layout_cave_pools, minmay_misc_feat_five
D:5:      layout_basic, grunt_qazlal_clouds, serial_shops,
          nicolae_shop_overgrown_old_shop, grunt_decor_mini_mirrors,
          uniq_sigmund
D:6:      kennysheep_six_static_rooms, layout_basic,
          minmay_temple_entry_glassed_door, gup_sewer_entry_pipe,
          uniq_blork_the_orc, uniq_maggie
D:7:      layout_layer_cave, kennysheep_dice, uniq_pikel
D:8:      layout_loops_ring, dpeg_lair_monsters
D:9:      layout_roguey [special_room_orc], minmay_orc_entry_temple_small
Temple:   roderic_octagonal_lattice_temple
Lair:1:   layout_regular_city
Lair:2:   layout_gridlike, serial_bayou_shore_b, grunt_megastairs_1
Lair:3:   minmay_guarded_unrand_snakebite, layout_regular_city,
          minmay_swamp_entry_swarm, spider_nest_entry_a

Skill      XL: |  1  2  3  4  5  6  7  8  9 10 11 |
---------------+----------------------------------+-----
Short Blades   | 2 |  2.7
Shields        | 3 4 |  4.1
Unarmed Combat | 1 2 3 4 6 7 9 11 | 11.1
Fighting       | 4 5 6 |  6.6
Dodging        | 2 3 5 6 7 |  7.2
Evocations     | 1 3 5 6 |  6.5
Armour         | |  2.6

Action                   |  1- 3 |  4- 6 |  7- 9 | 10-12 || total
-------------------------+-------+-------+-------+-------++-------
Melee: Rapier            |    56 |       |       |       ||    56
       Unarmed           |    33 |   315 |   395 |   219 ||   962
       Punch             |       |     2 |    13 |    11 ||    26
Evoke: Wand              |       |       |       |     1 ||     1
  Use: Scroll            |     2 |     7 |     9 |     9 ||    27
       Potion            |     1 |     1 |     4 |     6 ||    12
 Stab: Paralysed         |       |       |       |     3 ||     3
  Eat: Chunk             |     1 |    10 |    15 |     7 ||    33
       Ration            |       |       |       |     2 ||     2
Armor: Scale mail        |    36 |   157 |     8 |       ||   201
       Leather armour    |       |       |    76 |    56 ||   132
Dodge: Dodged            |    28 |   170 |   165 |   172 ||   535
       Deflected         |       |       |       |     2 ||     2
Block: Kite shield       |    23 |       |       |       ||    23

Table legend:
 A = Non-vault XP
 B = Vault XP
 C = Vault XP percentage of total XP
 D = Non-vault monster count
 E = Vault monster count
 F = Vault count percentage of total count
                 A         B        C        D         E       F
            +---------+---------+-------+---------+---------+-------
      Total |    8313 |    5141 |  38.2 |     185 |      74 |  28.6
            +---------+---------+-------+---------+---------+-------
        D:1 |      19 |       0 |   0.0 |      12 |       0 |   0.0
        D:2 |     154 |       2 |   1.3 |      27 |       2 |   6.9
        D:3 |      72 |       0 |   0.0 |      22 |       0 |   0.0
        D:4 |     533 |       0 |   0.0 |      30 |       0 |   0.0
        D:5 |     783 |     223 |  22.2 |      23 |       1 |   4.2
        D:6 |     755 |     637 |  45.8 |      16 |      14 |  46.7
        D:7 |     702 |     663 |  48.6 |      17 |       2 |  10.5
        D:8 |     566 |    2945 |  83.9 |      11 |      11 |  50.0
        D:9 |      88 |       0 |   0.0 |       1 |       0 |   0.0
     Lair:1 |    2142 |       0 |   0.0 |      12 |       0 |   0.0
     Lair:2 |    2406 |     256 |   9.6 |      13 |       2 |  13.3
     Lair:3 |      93 |     211 |  69.4 |       1 |       1 |  50.0
      Sewer |       0 |     204 | 100.0 |       0 |      41 | 100.0
            +---------+---------+-------+---------+---------+-------
